AA
FARGO-MOORHEAD REDHAWKS @ WASHINGTON WHALERS
08/08/2098
 
TOP OF THE 1ST
Washington Whalers batting - Pitching for Gary SouthShore RailCats : RHP John Taylor
Pitching: RHP John Taylor
Batting: LHB Humberto Avello 0-0: DOUBLE (Line Drive, 7LS, EV 110.6 MPH)
Batting: LHB Antonio Velez 0-0: Ball
1-0: Called Strike
1-1: Fly out, F9 (Flyball, 9, EV 85.0 MPH)
Batting: LHB Caleb Mattingly 0-0: Ball
1-0: Ball
2-0: Ball
3-0: Base on Balls
Batting: RHB Michinobu Umetsu 0-0: Ball
1-0: Called Strike
1-1: Ball
2-1: Grounds into double play, 4-6-3 (Groundball, 34, EV 82.5 MPH)
Top of the 1st over - 0 runs, 1 hit, 0 errors, 1 left on base; Washington 0 - Gary SouthShore 0
BOTTOM OF THE 1ST
Gary SouthShore RailCats batting - Pitching for Washington Whalers : RHP Jon Large
Pitching: RHP Jon Large
Batting: LHB David Norman 0-0: Called Strike
0-1: Fly out, F9 (Flyball, 9D, EV 96.3 MPH)
Batting: RHB Charlie McCloud 0-0: Foul Ball, location: 23F
0-1: Swinging Strike
0-2: Ball
1-2: Foul Ball, location: 2F
1-2: Foul Ball, location: 9LMF
1-2: Ball
2-2: Foul Ball, location: 9LSF
2-2: Strikes out swinging
Batting: LHB Cory Matthews 0-0: Called Strike
0-1: SINGLE (Line Drive, 7S, EV 97.5 MPH)
Batting: LHB Lu-fang Zhan 0-0: Ball
1-0: Foul Ball, location: 7LSF
1-1: Ball
2-1: Fly out, F9 (Flyball, 9, EV 96.3 MPH)
Bottom of the 1st over - 0 runs, 1 hit, 0 errors, 1 left on base; Washington 0 - Gary SouthShore 0
TOP OF THE 2ND
Washington Whalers batting - Pitching for Gary SouthShore RailCats : RHP John Taylor
Batting: LHB Manuel Fuentes 0-0: Fly out, F8 (Flyball, 8LXD, EV 100.6 MPH)
Batting: RHB Brian Steil 0-0: Ball
1-0: Called Strike
1-1: Ball
2-1: SINGLE (Groundball, 4MD, EV 98.1 MPH)
Batting: LHB Matt DeVito 0-0: Ball
1-0: Foul Ball, location: 7LMF
1-1: Ball
2-1: Called Strike
2-2: Grounds into double play, 4-6-3 (Groundball, 4, EV 83.1 MPH)
Top of the 2nd over - 0 runs, 1 hit, 0 errors, 0 left on base; Washington 0 - Gary SouthShore 0
BOTTOM OF THE 2ND
Gary SouthShore RailCats batting - Pitching for Washington Whalers : RHP Jon Large
Batting: SHB Brian Carlisi 0-0: Called Strike
0-1: Ball
1-1: Ball
2-1: Foul Ball, location: 3F
2-2: Strikes out swinging
Batting: RHB Mike Gutierrez 0-0: Ball
1-0: Ball
2-0: Ball
3-0: Called Strike
3-1: Ground out 4-3 (Groundball, 4MD, EV 98.8 MPH)
Batting: LHB Jeff Michaelis 0-0: Ball
1-0: Ball
2-0: Fly out, F9 (Flyball, 89D, EV 99.4 MPH)
Bottom of the 2nd over - 0 runs, 0 hits, 0 errors, 0 left on base; Washington 0 - Gary SouthShore 0
TOP OF THE 3RD
Washington Whalers batting - Pitching for Gary SouthShore RailCats : RHP John Taylor
Batting: RHB Nick Baker 0-0: Foul Ball, location: 2F
0-1: Swinging Strike
0-2: Strikes out swinging
Batting: RHB Colby Magee 0-0: SINGLE (Line Drive, 7LS, EV 106.3 MPH)
Batting: LHB Humberto Avello 0-0: Called Strike
Balk!
Colby Magee to second
0-1: Called Strike
0-2: Ball
1-2: Ball
2-2: Strikes out swinging
Batting: LHB Antonio Velez 0-0: Ground out 5-3 (Groundball, 5, EV 87.5 MPH)
Top of the 3rd over - 0 runs, 1 hit, 0 errors, 1 left on base; Washington 0 - Gary SouthShore 0
BOTTOM OF THE 3RD
Gary SouthShore RailCats batting - Pitching for Washington Whalers : RHP Jon Large
Batting: RHB Jose Holguin 0-0: Called Strike
0-1: Swinging Strike
0-2: Ball
1-2: DOUBLE (Line Drive, 9LM, EV 88.8 MPH)
Batting: RHB John Howard Ring 0-0: Ball
1-0: SINGLE (Line Drive, 9LS, EV 103.1 MPH)
Jose Holguin to third
Runner from 3rd tries for Home, SAFE, throw by RF to home
Batting: LHB David Norman 0-0: Fly out, F7 (Flyball, 78M, EV 92.5 MPH)
Batting: RHB Charlie McCloud 0-0: Foul Ball, location: 5SF
0-1: Fielders Choice at 2nd, 5-4 (Groundball, 5, EV 83.8 MPH)
Batting: LHB Cory Matthews 0-0: Ball
1-0: Fielders Choice at 2nd, 6-4 (Groundball, 56, EV 106.3 MPH)
Bottom of the 3rd over - 1 run, 2 hits, 0 errors, 1 left on base; Washington 0 - Gary SouthShore 1
TOP OF THE 4TH
Washington Whalers batting - Pitching for Gary SouthShore RailCats : RHP John Taylor
Batting: LHB Caleb Mattingly 0-0: Ball
1-0: Ground out 6-3 (Groundball, 6, EV 80.0 MPH)
Batting: RHB Michinobu Umetsu 0-0: Called Strike
0-1: Called Strike
0-2: Ball
1-2: Ball
2-2: Ground out 5-3 (Groundball, 25, EV 86.3 MPH)
Batting: LHB Manuel Fuentes 0-0: Ball
1-0: Called Strike
1-1: Swinging Strike
1-2: Ball
2-2: Strikes out swinging
Top of the 4th over - 0 runs, 0 hits, 0 errors, 0 left on base; Washington 0 - Gary SouthShore 1
BOTTOM OF THE 4TH
Gary SouthShore RailCats batting - Pitching for Washington Whalers : RHP Jon Large
Batting: LHB Lu-fang Zhan 0-0: Ball
1-0: DOUBLE (Line Drive, 8LD, EV 85.6 MPH)
Batting: SHB Brian Carlisi 0-0: Ball
1-0: Ground out 2-3 (Groundball, 2R, EV 74.4 MPH)
Batting: RHB Mike Gutierrez 0-0: Ground out 6-3 (Groundball, 6, EV 84.4 MPH)
Batting: LHB Jeff Michaelis 0-0: Ball
1-0: Foul Ball, location: 5F
1-1: Reached on error, E4 (Groundball, 4, EV 86.3 MPH)
Lu-fang Zhan to third
Batting: RHB Jose Holguin 0-0: Called Strike
0-1: Called Strike
0-2: Strikes out looking
Bottom of the 4th over - 0 runs, 1 hit, 1 error, 2 left on base; Washington 0 - Gary SouthShore 1
TOP OF THE 5TH
Washington Whalers batting - Pitching for Gary SouthShore RailCats : RHP John Taylor
Batting: RHB Brian Steil 0-0: Ball
1-0: SINGLE (Line Drive, 9S, EV 100.0 MPH)
Batting: LHB Matt DeVito 0-0: Ball
1-0: Called Strike
1-1: Swinging Strike
1-2: Ball
2-2: Foul Ball, location: 25F
2-2: Fly out, F5 (Popup, 25F, EV 88.8 MPH)
Batting: RHB Nick Baker 0-0: 2-RUN HOME RUN (Flyball, 7D, EV 96.9 MPH), Distance : 375 ft
Batting: RHB Colby Magee 0-0: Called Strike
0-1: Fly out, F7 (Line Drive, 7S, EV 98.1 MPH)
Batting: LHB Humberto Avello 0-0: Ball
1-0: Swinging Strike
1-1: Swinging Strike
1-2: Strikes out swinging
Top of the 5th over - 2 runs, 2 hits, 0 errors, 0 left on base; Washington 2 - Gary SouthShore 1
BOTTOM OF THE 5TH
Gary SouthShore RailCats batting - Pitching for Washington Whalers : RHP Jon Large
Batting: RHB John Howard Ring 0-0: Ball
1-0: Foul Ball, location: 3FF
1-1: Fly out, F9 (Flyball, 9LM, EV 104.4 MPH)
Batting: LHB David Norman 0-0: Called Strike
0-1: Swinging Strike
0-2: Strikes out swinging
Batting: RHB Charlie McCloud 0-0: Fly out, F8 (Flyball, 89M, EV 96.9 MPH)
Bottom of the 5th over - 0 runs, 0 hits, 0 errors, 0 left on base; Washington 2 - Gary SouthShore 1
TOP OF THE 6TH
Washington Whalers batting - Pitching for Gary SouthShore RailCats : RHP John Taylor
Batting: LHB Antonio Velez 0-0: Ball
1-0: Ball
2-0: Fly out, F8 (Line Drive, 8RD, EV 85.0 MPH)
Batting: LHB Caleb Mattingly 0-0: Ball
1-0: Swinging Strike
1-1: Ball
2-1: Ground out 5-3 (Groundball, 5, EV 87.5 MPH)
Batting: RHB Michinobu Umetsu 0-0: Called Strike
0-1: Swinging Strike
0-2: Strikes out looking
Top of the 6th over - 0 runs, 0 hits, 0 errors, 0 left on base; Washington 2 - Gary SouthShore 1
BOTTOM OF THE 6TH
Gary SouthShore RailCats batting - Pitching for Washington Whalers : RHP Jon Large
Batting: LHB Cory Matthews 0-0: Ball
1-0: Called Strike
1-1: Foul Ball, location: 5F
1-2: Ball
2-2: Ball
3-2: Hit by Pitch
Batting: LHB Lu-fang Zhan 0-0: Ball
1-0: Ball
2-0: Called Strike
2-1: Fly out, F5 (Popup, 56S, EV 71.9 MPH)
Batting: SHB Brian Carlisi 0-0: Called Strike
0-1: Called Strike
0-2: Ball
1-2: Strikes out swinging
Batting: RHB Mike Gutierrez 0-0: Called Strike
0-1: Ball
1-1: Ground out 5-3 (Groundball, 56S, EV 89.4 MPH)
Bottom of the 6th over - 0 runs, 0 hits, 0 errors, 1 left on base; Washington 2 - Gary SouthShore 1
TOP OF THE 7TH
Washington Whalers batting - Pitching for Gary SouthShore RailCats : RHP John Taylor
Batting: LHB Manuel Fuentes 0-0: Ball
1-0: Fly out, F7 (Line Drive, 7, EV 97.5 MPH)
Batting: RHB Brian Steil 0-0: Called Strike
0-1: Called Strike
0-2: Fly out, F9 (Flyball, 89S, EV 81.9 MPH)
Batting: LHB Matt DeVito 0-0: Ball
1-0: Ball
2-0: Foul Ball, location: 5SF
2-1: DOUBLE (Line Drive, 78D, EV 105.0 MPH)
Batting: RHB Nick Baker 0-0: Ball
1-0: 2-RUN HOME RUN (Flyball, 7LD, EV 95.0 MPH), Distance : 337 ft
Batting: RHB Colby Magee 0-0: Ball
1-0: Fly out, F3 (Popup, 3, EV 83.1 MPH)
Top of the 7th over - 2 runs, 2 hits, 0 errors, 0 left on base; Washington 4 - Gary SouthShore 1
BOTTOM OF THE 7TH
Gary SouthShore RailCats batting - Pitching for Washington Whalers : RHP Jon Large
Batting: LHB Jeff Michaelis 0-0: Called Strike
0-1: Called Strike
0-2: Ground out U3 (Groundball, 34, EV 95.0 MPH)
Batting: RHB Jose Holguin 0-0: Ball
1-0: SINGLE (Line Drive, 78S, EV 96.3 MPH)
Batting: RHB John Howard Ring 0-0: Grounds into double play, 4-6-3 (Groundball, 4, EV 106.3 MPH)
Bottom of the 7th over - 0 runs, 1 hit, 0 errors, 0 left on base; Washington 4 - Gary SouthShore 1
TOP OF THE 8TH
Washington Whalers batting - Pitching for Gary SouthShore RailCats : RHP John Taylor
Batting: LHB Humberto Avello 0-0: Fly out, F8 (Line Drive, 8LM, EV 86.9 MPH)
Batting: LHB Antonio Velez 0-0: Ball
1-0: Ball
2-0: Called Strike
2-1: SINGLE (Flyball, 5D, EV 90.6 MPH)
Batting: LHB Caleb Mattingly 0-0: Fly out, F5 (Popup, 5S, EV 76.9 MPH)
Batting: RHB Michinobu Umetsu 0-0: Ground out 4-3 (Groundball, 4, EV 98.1 MPH)
Top of the 8th over - 0 runs, 1 hit, 0 errors, 1 left on base; Washington 4 - Gary SouthShore 1
BOTTOM OF THE 8TH
Gary SouthShore RailCats batting - Pitching for Washington Whalers : RHP Jon Large
Batting: LHB David Norman 0-0: Foul Ball, location: 3FF
0-1: Ball
1-1: Swinging Strike
1-2: Strikes out swinging
Batting: RHB Charlie McCloud 0-0: Fly out, F7 (Flyball, 7D, EV 100.6 MPH)
Batting: LHB Cory Matthews 0-0: Fly out, F8 (Line Drive, 8LS, EV 88.8 MPH)
Bottom of the 8th over - 0 runs, 0 hits, 0 errors, 0 left on base; Washington 4 - Gary SouthShore 1
TOP OF THE 9TH
Washington Whalers batting - Pitching for Gary SouthShore RailCats : RHP John Taylor
Pitching: LHP Dustin Norman
Batting: LHB Manuel Fuentes 0-0: Called Strike
0-1: Ball
1-1: Fly out, F9 (Flyball, 9S, EV 85.0 MPH)
Batting: RHB Brian Steil 0-0: Ball
1-0: Ball
2-0: Ball
3-0: Called Strike
3-1: Base on Balls
Batting: LHB Matt DeVito 0-0: Called Strike
0-1: Ball
1-1: 2-RUN HOME RUN (Flyball, 9LD, EV 97.5 MPH), Distance : 349 ft
Batting: RHB Nick Baker 0-0: Foul Ball, location: 5SF
0-1: Foul Ball, location: 9LMF
0-2: Strikes out swinging
Batting: RHB Colby Magee 0-0: Called Strike
0-1: Fly out, F9 (Line Drive, 89M, EV 84.4 MPH)
Top of the 9th over - 2 runs, 1 hit, 0 errors, 0 left on base; Washington 6 - Gary SouthShore 1
BOTTOM OF THE 9TH
Gary SouthShore RailCats batting - Pitching for Washington Whalers : RHP Jon Large
Batting: LHB Lu-fang Zhan 0-0: Foul Ball, location: 2F
0-1: Ball
1-1: SINGLE (Line Drive, 7S, EV 108.8 MPH)
Pitching: LHP Alex May
Batting: SHB Brian Carlisi 0-0: Ball
1-0: DOUBLE (Line Drive, 7LS, EV 88.1 MPH)
Lu-fang Zhan to third
Batting: RHB Mike Gutierrez 0-0: Foul Ball, location: 9LMFF
0-1: TRIPLE (Flyball, 9LD, EV 93.1 MPH)
Lu-fang Zhan scores
Brian Carlisi scores
Pitching: RHP Mike Fluitt
Batting: LHB Jeff Michaelis 0-0: Swinging Strike
0-1: Ball
1-1: Called Strike
1-2: Strikes out swinging
Pinch Hitting: LHB Eric Rys 0-0: Ball
1-0: Swinging Strike
1-1: Swinging Strike
1-2: Foul Ball, location: 2F
1-2: Foul Ball, location: 2LF
1-2: Ball
2-2: Strikes out swinging
Batting: RHB John Howard Ring 0-0: Ball
1-0: Foul Ball, location: 3SF
1-1: Ball
2-1: Foul Ball, location: 5FF
2-2: Ball
3-2: Strikes out swinging
Bottom of the 9th over - 2 runs, 3 hits, 0 errors, 1 left on base; Washington 6 - Gary SouthShore 3
Friday, April 12th , 2024 - OOTP Baseball 24.11 Build 85